 Dungeon Sprint DCSS version 0.31-a0-437-g7cee417757 (console) character file.

Game seed: 13554800436237191685

4331 Lexodia the Unseen (level 10, -3/29 HPs)
             Began as a Felid Enchanter on Aug 2, 2023.
             Was an Elder of Wu Jian.
             Slain by a demonic crawler (13 damage)
             ... in the Dungeon (Sprint I: "Red Sonja").
             The game lasted 00:08:36 (676 turns).

Lexodia the Unseen (Felid Enchanter)                 Turns: 676, Time: 00:08:38

Health: -3/29      AC:  2    Str:  2    XL:     10   Next: 12%
Magic:  15/15      EV: 26    Int: 17    God:    Wu Jian [****..]
Gold:   21         SH:  0    Dex: 19    Spells: 7/15 levels left
                                        Lives:  0   Deaths: 2

rFire   . .          .
                       - Unarmed
rCold   . . .        (shield unavailable)
rNeg    . . .        (body armour unavailable)
rPois   .            (helmet unavailable)
rElec   .            (cloak unavailable)
rCorr   +            (gloves unavailable)
SInv    +            (boots unavailable)
Will    +....        d - amulet of the acrobat
Stlth   +++          l - ring of resist corrosion
HPRegen 0.24/turn    (no ring)
MPRegen 0.14/turn

%: no teleportation, acrobat
@: exhausted, beast-form, in a heavenly storm, glowing, unable to read, unable
to drink, quick
A: beast (slay +2), very small, claws 1, fangs 3, see invisible, speed 1, shaggy
fur 2, stealthy paws, no weapons or thrown items, no armour, multi-lived, clumsy
1, deterioration 1, frail 2, weak 1, inability to drink after injury 2,
inability to read after injury 1
a: Begin Untransformation, Renounce Religion, Wall Jump, Serpent's Lash


You were in the Dungeon.
You worshipped Wu Jian.
Wu Jian was greatly pleased with you.
You were a hulking beast.
You visited 1 branch You collected 1079 gold pieces.
You spent 1058 gold pieces at shops.

Inventory:

Jewellery
 d - an amulet of the acrobat (around neck)
 l - a ring of resist corrosion (left paw)
Talismans
 k - a beast talisman (active)
Wands
 h - a wand of charming (12)
Scrolls
 b - a scroll of fear
 f - 2 scrolls of identify
 g - a scroll of blinking
Potions
 a - a potion of invisibility
 c - a potion of heal wounds
 e - 2 potions of magic
 i - a potion of lignification
 j - 2 potions of curing


   Skills:
 - Level 2.6 Dodging
 + Level 19.7 Stealth
 + Level 15.6 Unarmed Combat
 - Level 3.0 Spellcasting
 + Level 18.3 Hexes
 + Level 11.7 Ice Magic
 * Level 4.1 Shapeshifting


You had 7 spell levels left.
You knew the following spells:

 Your Spells              Type           Power      Damage    Failure   Level
a - Ensorcelled Hibernat  Hex/Ice        100%       N/A       1%          2
b - Confusing Touch       Hex            59%        N/A       1%          3
c - Tukima's Dance        Hex            59%        N/A       1%          3

Your spell library contained the following spells:

 Spells                   Type           Power      Damage    Failure   Level
 Dazzling Flash           Conj/Hex       66%        N/A       1%          3


Dungeon Overview and Level Annotations

Branches:
Dungeon (1/1)

Altars:
Cheibriados
Dithmenos
Elyvilon
Fedhas
Gozag
Hepliaklqana
Kikubaaqudgha
Makhleb
Nemelex Xobeh
Okawaru
Qazlal
Ru
Sif Muna
Trog
Uskayaw
Vehumet
Wu Jian
Xom
Yredelemnul
Zin
The Shining One
Jiyva
Lugonu

Shops:
D [[=?=![


Innate Abilities, Weirdness & Mutations

You are a hulking beast.
Your limbs bulge with bestial killing power. (Slay +2)
You have sharp claws.
You have razor-sharp teeth.
You have supernaturally acute eyesight. (SInv)
You cover ground quickly. (Speed+)
You are covered in thick fur. (AC +2)
Your paws help you pounce on unaware monsters.
You are incapable of wielding weapons or throwing items.
You cannot wear armour.
You gain extra lives every three experience levels.
You are clumsy. (Dex -2)
Your body sometimes deteriorates upon taking damage.
You are very frail. (-20% HP)
You are weak. (Str -2)
You sometimes lose the ability to drink potions when taking damage.
You occasionally lose the ability to read scrolls when taking damage.


Message History

You spin and attack the demonic crawler repeatedly.
You barely miss the demonic crawler.
The demonic crawler gives a hideous shriek!
You claw the demonic crawler!
The demonic crawler is lightly wounded.
The demonic crawler barely misses you.
The demonic crawler hits you but does no damage.
The demonic crawler barely misses you.
Your muscles tense, ready for explosive movement...
You spin and attack the demonic crawler repeatedly, with incredible momentum.
You scratch the demonic crawler.
The demonic crawler is lightly wounded.
You claw the demonic crawler! x2
The demonic crawler is heavily wounded.
You spin and attack the demonic crawler repeatedly, with incredible momentum.
You mangle the demonic crawler!! You bite the demonic crawler.
The demonic crawler is heavily wounded.
You claw the demonic crawler! x2
The demonic crawler is almost dead.
You spin and attack the demonic crawler repeatedly, with incredible momentum.
You mangle the demonic crawler!! You bite the demonic crawler.
You kill the demonic crawler!
The Council accepts your kill.
You spin and attack the demonic crawler, with incredible momentum.
You claw the demonic crawler!
You kill the demonic crawler!
The Council accepts your kill.
Your supernatural speed expires.
You feel your dexterity returning.
Your Shapeshifting skill gained 2 levels and is now at level 4!
Welcome back to level 10!
There is an open door, spattered with blood here.
You claw the demonic crawler!
The demonic crawler is moderately wounded.
The demonic crawler hits you!
Ouch! That really hurt!
The demonic crawler hits you!
You feel threatened and lose the ability to read scrolls!
You feel threatened and lose the ability to drink potions!
You die...

#####################
.)..#..'..#_☼#§§hs§)#
)#..').#..'.§§§§#§§†##+#
###'#####'#_§####§☼.'..#
##..#...#§####[.#####.s+
_####..##☼#§~§..#..# ##
____##☼#☼§§§§~§.§..#
.∩..÷§§☼☼☼#§)§.§#§.#
..__##☼§#§##§#####'###
____###☼#☼#§§[.###.'.#


You could see a demonic crawler.

Vanquished Creatures
  2 centaur warriors (D)
  2 demonic crawlers (D)
  Sonja (D)
  A deep troll (D)
  8 shining eyes (D)
  An oklob plant (D)
  2 unseen horrors (D)
  2 kobold demonologists (D)
  A hornet (D)
  Sigmund (D)
  A slime creature (D)
  A yak (D)
  2 redbacks (D)
  6 floating eyes (D)
  An ogre (D)
  A necrophage (D)
  5 jellies (D)
  Ijyb (D)
  A ballistomycete spore (D)
40 creatures vanquished.

Vanquished Creatures (others)
  A ballistomycete spore (D)
1 creature vanquished.

Grand Total: 41 creatures vanquished

Notes
Turn   | Place    | Note
-------+----------+-------------------------------------------
     0 | D        | Lexodia the Felid Enchanter began the quest for the Orb.
     0 | D        | Reached XP level 1. HP: 7/7 MP: 4/4
     1 | D        | Noticed Ijyb
     9 | D        | Noticed an ogre
    14 | D        | Killed Ijyb
    15 | D        | Reached skill level 6 in Stealth
    15 | D        | Reached XP level 2. HP: 11/11 MP: 6/6
    18 | D        | Killed an ogre
    19 | D        | Reached skill level 8 in Stealth
    19 | D        | Reached XP level 3. HP: 14/14 MP: 7/7
    19 | D        | Reached XP level 4. HP: 18/18 MP: 8/8
    22 | D        | Noticed Sigmund
    23 | D        | Huge Dmg: 9 dmg
    24 | D        | Huge Dmg: 9 dmg
    26 | D        | Killed Sigmund
    27 | D        | Reached skill level 11 in Stealth
    27 | D        | Reached skill level 10 in Unarmed Combat
    27 | D        | Reached XP level 5. HP: 12/21 MP: 9/9
    27 | D        | Gained mutation: You are covered in thick fur. (AC +2)
                  | [Felid growth]
    27 | D        | Reached XP level 6. HP: 14/24 MP: 10/10
    30 | D        | Learned a level 2 spell: Ensorcelled Hibernation
    34 | D        | Learned a level 3 spell: Confusing Touch
    38 | D        | Learned a level 3 spell: Tukima's Dance
    59 | D        | Found an ornate altar of the Wu Jian Council.
    59 | D        | Found a shimmering blue altar of Sif Muna.
    61 | D        | Found a radiant altar of Vehumet.
    64 | D        | Became a worshipper of the Wu Jian Council
    69 | D        | Reached skill level 5 in Hexes
    69 | D        | Reached skill level 1 in Ice Magic
   116 | D        | Found Qorruomu's Magic Scroll Emporium.
   116 | D        | Found an ancient bone altar of Kikubaaqudgha.
   116 | D        | Found a hazy altar of Hepliaklqana.
   116 | D        | Found a stormy altar of Qazlal.
   116 | D        | Found a hide-covered altar of Uskayaw.
   116 | D        | Found a blossoming altar of Fedhas.
   116 | D        | Found a bloodstained altar of Trog.
   116 | D        | Found an iron altar of Okawaru.
   116 | D        | Found a basalt altar of Yredelemnul.
   116 | D        | Found a glowing golden altar of the Shining One.
   116 | D        | Found a snail-covered altar of Cheibriados.
   116 | D        | Found a sacrificial altar of Ru.
   116 | D        | Found a glowing silver altar of Zin.
   116 | D        | Found a shadowy altar of Dithmenos.
   116 | D        | Found a white marble altar of Elyvilon.
   116 | D        | Noticed a yak
   117 | D        | Found an opulent altar of Gozag.
   117 | D        | Killed a yak
   118 | D        | Found a sparkling altar of Nemelex Xobeh.
   127 | D        | Bought a scroll of fear for 52 gold pieces
   127 | D        | Bought a scroll of identify for 26 gold pieces
   158 | D        | Found a burning altar of Makhleb.
   158 | D        | Found a viscous altar of Jiyva.
   158 | D        | Found a shimmering altar of Xom.
   158 | D        | Found a corrupted altar of Lugonu.
   158 | D        | Noticed a slime creature
   160 | D        | Killed a slime creature
   160 | D        | Reached * piety under Wu Jian
   161 | D        | Reached skill level 12 in Stealth
   161 | D        | Reached XP level 7. HP: 27/27 MP: 12/12
   189 | D        | Noticed Sonja
   192 | D        | Killed Sonja
   193 | D        | Reached skill level 13 in Stealth
   193 | D        | Reached XP level 8. HP: 31/31 MP: 13/13
   227 | D        | Found Goustrido's Antique Armour Boutique.
   247 | D        | Noticed a deep troll
   250 | D        | Killed a deep troll
   251 | D        | Reached skill level 14 in Stealth
   274 | D        | Found Xiraar's Armour Emporium.
   287 | D        | Noticed a centaur warrior
   287 | D        | Noticed a centaur warrior
   292 | D        | Killed a centaur warrior
   292 | D        | Reached ** piety under Wu Jian
   293 | D        | Reached skill level 15 in Stealth
   293 | D        | Reached XP level 9. HP: 31/34 MP: 9/14
   295 | D        | Killed a centaur warrior
   296 | D        | Reached skill level 16 in Stealth
   356 | D        | Noticed an oklob plant
   357 | D        | Killed an oklob plant
   366 | D        | Reached *** piety under Wu Jian
   369 | D        | Reached skill level 15 in Hexes
   377 | D        | Noticed an unseen horror
   377 | D        | Noticed an unseen horror
   381 | D        | Killed an unseen horror
   381 | D        | Reached skill level 17 in Stealth
   381 | D        | Reached XP level 10. HP: 37/37 MP: 15/15
   396 | D        | Reached **** piety under Wu Jian
   404 | D        | Huge Dmg: 18 dmg
   404 | D        | Huge Dmg: 4 dmg
   406 | D        | Splashed by a jelly's acid
   407 | D        | Reached XP level 9. HP: -3/32 MP: 14/14
   420 | D        | Huge Dmg: 21 dmg
   531 | D        | Noticed a shining eye
   531 | D        | Noticed a shining eye
   531 | D        | Noticed a shining eye
   532 | D        | Noticed a shining eye
   532 | D        | Noticed a shining eye
   532 | D        | Noticed a shining eye
   533 | D        | Noticed a shining eye
   533 | D        | Noticed a shining eye
   533 | D        | Killed a shining eye
   533 | D        | Reached ***** piety under Wu Jian
   534 | D        | Reached skill level 10 in Ice Magic
   534 | D        | Killed a shining eye
   535 | D        | Killed a shining eye
   536 | D        | Reached skill level 18 in Stealth
   538 | D        | Paralysed by a floating eye for 4 turns
   540 | D        | Gained mutation: You are frail. (-10% HP) [a shining eye]
   540 | D        | Gained mutation: You are clumsy. (Dex -2) [a shining eye]
   541 | D        | Gained mutation: You are weak. (Str -2) [a shining eye]
   542 | D        | Gained mutation: You are very frail. (-20% HP) [a shining
                  | eye]
   543 | D        | Huge Dmg: 7 dmg
   547 | D        | Gained mutation: Your body sometimes deteriorates upon
                  | taking damage. [a shining eye]
   549 | D        | Gained mutation: You occasionally lose the ability to drink
                  | potions when taking damage. [a shining eye]
   550 | D        | Gained mutation: You occasionally lose the ability to read
                  | scrolls when taking damage. [a shining eye]
   552 | D        | Killed a shining eye
   552 | D        | Reached XP level 10. HP: 29/29 MP: 15/15
   552 | D        | Killed a shining eye
   552 | D        | Gained mutation: You sometimes lose the ability to drink
                  | potions when taking damage. [a shining eye]
   553 | D        | Killed a shining eye
   554 | D        | Reached skill level 15 in Unarmed Combat
   556 | D        | Killed a shining eye
   557 | D        | Reached skill level 19 in Stealth
   561 | D        | Killed a shining eye
   572 | D        | Found Larowna's Jewellery Shop.
   572 | D        | Found Umaot's Jewellery Emporium.
   572 | D        | Found Exeqope's Distillery.
   573 | D        | Found Lofu's Antique Armour Shoppe.
   578 | D        | Bought an amulet of the acrobat for 420 gold pieces
   578 | D        | Bought a beast talisman for 280 gold pieces
   578 | D        | Bought a ring of resist corrosion for 280 gold pieces
   629 | D        | Reached skill level 1 in Shapeshifting
   644 | D        | Noticed a demonic crawler
   644 | D        | Noticed a demonic crawler
   644 | D        | Noticed a demonic crawler
   644 | D        | Noticed a demonic crawler
   646 | D        | Slain by a demonic crawler
   647 | D        | Reached XP level 9. HP: -3/27 MP: 14/14
   674 | D        | Killed a demonic crawler
   674 | D        | Killed a demonic crawler
   674 | D        | Reached XP level 10. HP: 26/29 MP: 15/15
   676 | D        | Slain by a demonic crawler

Illustrated notes

Levels and vault maps discovered:
D:        dungeon_sprint_1 [red_sonja_temple_1, red_sonja_temple_small_1]

Skill      XL: |  1  2  3  4  5  6  7  8  9 10 |
---------------+-------------------------------+-----
Stealth        | 6 8 11 12 13 15 18 19 | 19.7
Unarmed Combat | 4 7 10 11 12 13 15 | 15.6
Hexes          | 9 11 13 16 18 | 18.3
Ice Magic      | 4 6 7 10 11 | 11.7
Spellcasting   | 3 |  3.0
Shapeshifting  | 4 2 |  4.1
Dodging        | |  2.6

Action                     |  1- 3 |  4- 6 |  7- 9 | 10-12 || total
---------------------------+-------+-------+-------+-------++-------
  Melee: Unarmed           |    11 |     6 |    51 |    40 ||   108
         Bite              |     1 |       |     7 |     3 ||    11
         Punch             |       |     1 |     3 |     2 ||     6
   Cast: Ensorcelled Hiber |       |     2 |     3 |       ||     5
 Invoke: Serpent's Lash    |       |       |     4 |     2 ||     6
         Heavenly Storm    |       |       |     2 |     1 ||     3
Ability: Lunge             |       |     2 |    15 |     6 ||    23
         Whirlwind         |       |       |    21 |    21 ||    42
         Wall Jump         |       |       |       |     2 ||     2
    Use: Potion            |     3 |       |     1 |       ||     4
         Scroll            |       |       |     1 |       ||     1
   Stab: Invisible         |     3 |     1 |       |       ||     4
         Sleeping          |     1 |     3 |    14 |     6 ||    24
 Armour: Skin              |       |       |     1 |     1 ||     2
  Dodge: Dodged            |     6 |     6 |     6 |    13 ||    31
   Form: Beast             |       |       |       |     1 ||     1

Table legend: (Time is in decaauts)
 A = Elapsed time spent in this place.
 B = Non-inter-level travel time spent in this place.
 C = Inter-level travel time spent in this place.
 D = Time resting spent in this place.
 E = Time spent auto-exploring this place.
 F = Levels seen in this place.
 G = Mean time per level.
                   A        B        C        D        E       F      G
               +--------+--------+--------+--------+--------+-----+--------+
         Total |    602 |    602 |      0 |    147 |    111 |   1 |  602.0 |
       Dungeon |    602 |    602 |      0 |    147 |    111 |   1 |  602.0 |
               +--------+--------+--------+--------+--------+-----+--------+

Top non-repeatable levels by time:
       D: 602 daAuts
